 Dungeon Crawl Stone Soup version 0.20.0 (webtiles) character file.

90 FakerFangirl the Cudgeler (level 4, -4/38 HPs)
             Began as a Draconian Fighter on May 25, 2017.
             Slain by a gnoll
             ... wielding a +0 halberd
              (6 damage)
             ... on level 2 of the Dungeon.
             The game lasted 00:02:01 (1667 turns).

FakerFangirl the Cudgeler (Draconian Fighter)       Turns: 1667, Time: 00:02:02

Health: -4/38      AC:  6    Str: 18    XL:     4   Next: 32%
Magic:  4/4        EV: 10    Int:  9    God:
Gold:   55         SH:  9    Dex: 11    Spells: 3/3 levels left

rFire    . . .     SeeInvis .   Y - +0 flail
rCold    . . .     Gourm    .   b - +0 shield
rNeg     . . .     Faith    .   (armour unavailable)
rPois    .         Spirit   .   (helmet restricted)
rElec    .         Reflect  .   (no cloak)
rCorr    .         Harm     .   j - +0 pair of gloves
MR       .....                  (no boots)
Stlth    +.........             (no amulet)
Regen    0.2/turn               (no ring)
MPRegen  0.1/turn               (no ring)

@: no status effects
A: unfitting armour, cold-blooded, AC +5
a: no special abilities


You were on level 2 of the Dungeon.
You were hungry.

You visited 1 branch of the dungeon, and saw 2 of its levels.

You collected 55 gold pieces.


Innate Abilities, Weirdness & Mutations

Your plain brown scales are hard. (AC +5)
You cannot fit into any form of body armour.
You are cold-blooded and may be slowed by cold attacks.


   Skills:
 - Level 3.2 Fighting
 + Level 4.6 Maces & Flails
 - Level 2.6 Dodging
 - Level 3.0 Shields


You had 3 spell levels left.
You didn't know any spells.

Inventory:

Hand Weapons
 Y - a +0 flail (weapon)
Armour
 b - a +0 shield (worn)
 j - a +0 pair of gloves (worn)
Jewellery
 i - a cursed ring of teleportation {unknown}
Potions
 a - a potion of brilliance {unknown}
 c - a potion of might
 e - a potion of haste {unknown}
 g - a potion of ambrosia {unknown}
 h - 2 potions of flight {unknown}
Comestibles
 d - 2 bread rations
 f - 2 chunks of flesh

Dungeon Overview and Level Annotations

Branches:
Dungeon (2/15)

Altars:


Message History

The gnoll barely misses you.
The gnoll hits you from afar with a halberd!
You hit the gnoll.
You kill the gnoll!
You block the gnoll's attack. You block the gnoll's attack.
Things that are here:
a flail; a gnoll corpse x2
You hit the gnoll.
The gnoll is lightly wounded.
The gnoll closely misses you.
The giant cockroach bites you but does no damage.
You barely miss the gnoll.
The gnoll is lightly wounded.
The giant cockroach bites you but does no damage.
You block the gnoll's attack.
You completely miss the gnoll.
The gnoll is lightly wounded.
You block the giant cockroach's attack. The gnoll hits you with a halberd.
You die...

#. ........#......##.#
#.. ##.##.
#.#......###.#####.# ###
#...#.
#.#........#.#####.#
#...#
.....#.#.#.#.......#
#...# ##.##.#...#
######### ###...####.##
##..# # #####
...........##.##..#.##..
#....
........#(.##...gs......
#.### ......<...# #@#
#.### ###...##### #.#
#.##. ###...### #.#
#.##. #.......# #.###
#.##. #.#...#.######
#...# ####....
#.##.........# ###.#
#....... ........####.#
#.#######.######
..####..# .###
#.#.......###
........####...#
#.#.##......#


You could see a gnoll and a giant cockroach.

Vanquished Creatures
  Terence (D:2)
  2 gnolls (D:2)
  An adder (D:1)
  2 dart slugs
  4 leopard geckos
  A giant cockroach (D:1)
  A goblin (D:1)
  3 hobgoblins (D:2)
  6 bats
  7 kobolds
  5 rats (D:1)
33 creatures vanquished.

Notes
Turn   | Place    | Note
-------+----------+-------------------------------------------
     0 | D:1      | FakerFangirl the Draconian Fighter began the quest for the Orb.
     0 | D:1      | Reached XP level 1. HP: 19/19 MP: 1/1
     0 | D:1      | 0 ||| counter = 32
   354 | D:1      | Reached XP level 2. HP: 26/26 MP: 2/2
   500 | D:1      | Reached skill level 3 in Maces & Flails
   796 | D:1      | 796 ||| UPGRADING to pair of gloves.
   801 | D:1      | 801 ||| READING scroll labeled TOICAN JIYHI.
   802 | D:1      | 802 ||| READING scroll labeled BEJUHU LIJ LUPP.
   803 | D:1      | 803 ||| READING scroll labeled SEARUY IFFIGA.
   804 | D:1      | 804 ||| READING scroll labeled USEFREOVV HOYCHYD.
   805 | D:1      | 805 ||| READING scroll labeled SIRRUERYTA.
   859 | D:2      | 859 ||| STAIRDANCE
   870 | D:1      | Reached XP level 3. HP: 8/31 MP: 3/3
   872 | D:1      | HP: 7/31 [poisoned by an adder]
  1257 | D:2      | Noticed Terence
  1281 | D:2      | Killed Terence
  1281 | D:2      | Reached skill level 4 in Maces & Flails
  1544 | D:2      | Reached XP level 4. HP: 38/38 MP: 4/4
  1661 | D:2      | HP: 8/38 [gnoll (5)]
  1662 | D:2      | HP: 1/38 [gnoll/halberd (7)]
  1667 | D:2      | Slain by a gnoll

Vault maps used:
D:1:      minmay_arrival_four_circles, st_stairs_6, fountainhead,
          grunt_decor_arrowhead, minmay_split_cup_small
D:2:      uniq_terence

Skill      XL: |  1  2  3 |
---------------+----------+-----
Maces & Flails | 3 4 |  4.6
Fighting       | |  3.2
Dodging        | |  2.6
Shields        | |  3.0

Action                   |  1- 3 |  4- 6 || total
-------------------------+-------+-------++-------
Melee: Flail             |   103 |    11 ||   114
       Tailslap          |     7 |     1 ||     8
  Use: Scroll            |     5 |       ||     5
  Eat: Chunk             |     2 |       ||     2
Armor: Skin              |    35 |     2 ||    37
Dodge: Dodged            |    34 |     2 ||    36
Block: Shield            |    52 |     7 ||    59
